 Dungeon Crawl Stone Soup version 0.15.2 (webtiles) character file.

105 kae the Firebug (level 4, -4/24 HPs)
             Began as a Tengu Fire Elementalist on Jan 18, 2015.
             Shot with an arrow by a centaur (5 damage)
             ... on Level 3 of the Dungeon.
             The game lasted 00:04:11 (2951 turns).

kae the Firebug (Tengu Fire Elementalist)           Turns: 2951, Time: 00:04:11

HP  -4/24        AC  3     Str  9      XL: 4   Next: 83%
MP   7/9         EV 12     Int 16      God:
Gold 87          SH  0     Dex 14      Spells:  3 memorised,  2 levels left

rFire  . . .     SeeInvis .     k - +0 spear
rCold  . . .     Clarity  .     a - +0 robe
rNeg   . . .     rCorr    .     (no shield)
rPois  .         rRot     .     (helmet restricted)
rElec  .         Spirit   .     (no cloak)
SustAb .         Warding  .     t - +0 pair of gloves
rMut   .         Stasis   .     (boots unavailable)
Gourm  .                        (no amulet)
MR     .....                    (no ring)
                                (no ring)

@: not resistant to hostile enchantments, unstealthy
A: beak, talons 3
a: no special abilities


You were on level 3 of the Dungeon.
You were not hungry.

You visited 1 branch of the dungeon, and saw 3 of its levels.

You collected 87 gold pieces.

Inventory:

Hand weapons
 f - a +0 dagger
 k - a +0 spear (weapon)
Armour
 a - a +0 robe (worn)
 t - a +0 pair of gloves (worn)
Magical devices
 q - a wand of enslavement (3)
Comestibles
 c - a bread ration
 n - 2 beef jerkies
Scrolls
 d - 2 scrolls of teleportation
 e - a scroll of identify
 i - a scroll of remove curse
Potions
 g - a potion of curing
 h - a potion of agility {unknown}
 j - a potion of resistance {unknown}
 l - a potion of magic {unknown}
 m - a potion of cure mutation {unknown}
 o - a potion of heal wounds {unknown}
 r - a potion of might {unknown}
Books
 b - a book of Flames

   Spells                             Type                      Level
   *Flame Tongue                      Conjuration/Fire             1
   *Throw Flame                       Conjuration/Fire             2
   *Conjure Flame                     Conjuration/Fire             3
   Inner Flame                        Hexes/Fire                   3
   Sticky Flame                       Conjuration/Fire             4
   Fireball                           Conjuration/Fire             5


   Skills:
 - Level 2.1 Dodging
 - Level 2.0 Stealth
 + Level 2.5 Spellcasting
 * Level 4.0 Conjurations
 * Level 4.4 Fire Magic


You had 2 spell levels left.
You knew the following spells:

 Your Spells              Type           Power        Failure   Level  Hunger
a - Flame Tongue          Conj/Fire      ###..        4%          1    #......
b - Throw Flame           Conj/Fire      ###...       8%          2    ##.....
c - Conjure Flame         Conj/Fire      ###.....     12%         3    ###....


Dungeon Overview and Level Annotations

Branches:
Dungeon (3/15)

Altars:


Innate Abilities, Weirdness & Mutations

You have a beak for a mouth.
You have claws for feet.


Message History

Okay, then.
Evoke which item? (* to show all) (? for menu, Esc to quit)
Zapping:
q - a jewelled bone wand
Press: ? - help, Shift-Dir - straight line Nothing appears to happen.
q - a wand of enslavement {zapped: 1} The centaur shoots an arrow.
The arrow hits you!
* * * LOW HITPOINT WARNING * * *
You see here an arrow.
Evoke which item? (* to show all) (? for menu, Esc to quit)
Zapping:
q - a wand of enslavement {zapped: 1}
Press: ? - help, Shift-Dir - straight line, f - centaur
Aim: a centaur, wielding a shortbow The centaur resists.
The centaur shoots an arrow.
The arrow closely misses you.
Evoke which item? (* to show all) (? for menu, Esc to quit)
Zapping:
q - a wand of enslavement {zapped: 2}
Press: ? - help, Shift-Dir - straight line, f/p - centaur
Aim: a centaur, wielding a shortbow The centaur resists.
The centaur shoots an arrow.
The arrow hits you.
You die...

#......<.# #.###.#
########.#
#.....#####
#.########......#
#.....## ##.###.#
#####..# #.# ##.##
#.# #..# #.#
##.###.# #
#.@##.#####... .#
##..(........# .#
####c######.# ##.
#.###### ..#
#......#.. ..#
##..c....# <.#
#.......... ..#
#########(........
....
..................


You could see a centaur.

Vanquished Creatures
  Terence (D:1)
  A gnoll (D:1)
  3 adders (D:2)
  A worm (D:2)
  2 oozes (D:2)
  7 bats
  3 goblins
  13 hobgoblins
  6 jackals
  2 kobolds (D:1)
  A ball python (D:1)
  2 giant cockroaches
  3 giant newts
  7 rats
52 creatures vanquished.

Notes
Turn   | Place    | Note
--------------------------------------------------------------
     0 | D:1      | kae, the Tengu Fire Elementalist, began the quest for the Orb.
     0 | D:1      | Reached XP level 1. HP: 10/10 MP: 3/3
   285 | D:1      | Reached XP level 2. HP: 12/15 MP: 5/5
   503 | D:1      | Reached XP level 3. HP: 19/19 MP: 7/7
   543 | D:1      | Reached skill level 4 in Fire Magic
  1199 | D:2      | Learned a level 2 spell: Throw Flame
  1203 | D:2      | Learned a level 3 spell: Conjure Flame
  1272 | D:2      | Noticed Terence
  1777 | D:2      | Reached XP level 4. HP: 12/24 MP: 6/8
  2069 | D:1      | Killed Terence
  2703 | D:3      | Noticed a centaur
  2949 | D:3      | HP: 1/24 [centaur/arrow (8)]
  2951 | D:3      | Shot with an arrow by a centaur

Action                   |  1- 3 |  4- 6 || total
-------------------------+-------+-------++-------
Melee: Dagger            |    18 |       ||    18
       Spear             |    57 |    21 ||    78
 Cast: Flame Tongue      |    16 |    30 ||    46
       Throw Flame       |     3 |       ||     3
       Conjure Flame     |       |     1 ||     1
Evoke: Wand              |       |     3 ||     3
  Use: Scroll            |       |     4 ||     4
  Eat: Chunk             |     3 |     4 ||     7
